 Dungeon Sprint DCSS version 0.18.1-8-gdd0e5ea (webtiles) character file.

2029 Hipnos the Grappler (level 9, -2/78 HPs)
             Began as a Red Draconian Transmuter on May 21, 2016.
             Was a High Priest of Sif Muna.
             Shot with an arrow by a centaur warrior (7 damage)
             ... in the Dungeon (Sprint I: "Red Sonja").
             The game lasted 00:09:21 (2206 turns).

Hipnos the Grappler (Red Draconian Transmuter)      Turns: 2206, Time: 00:09:22

Health: -2/78      AC:  7    Str: 17    XL:     9   Next: 3%
Magic:  7/22       EV: 15    Int: 13    God:    Sif Muna [*****.]
Gold:   447        SH:  0    Dex: 11    Spells: 5 memorised, 12 levels left

rFire  + . .     SeeInvis .       - Unarmed
rCold  . . .     Gourm    .     (armour unavailable)
rNeg   . . .     Faith    +     (shield currently unavailable)
rPois  .         Spirit   .     (helmet restricted)
rElec  .         Dismiss  .     (no cloak)
rCorr  .         Reflect  .     (gloves currently unavailable)
SustAt .         Harm     .     (no boots)
MR     .....     NoTele   +     j - amulet of faith
Stlth  +.........               (no ring)
                                (no ring)

@: blade hands, not resistant to hostile enchantments, very unstealthy
A: breathe fire, unfitting armour, fire resistance 1, cold-blooded, AC +7
a: Breathe Fire, End Transformation, Channel Energy, Forget Spell, Renounce
Religion


You were in the Dungeon.
You worshipped Sif Muna.
Sif Muna was extremely pleased with you.
You were hungry.
You had blades for hands.
You visited 1 branch You collected 847 gold pieces.
You spent 400 gold pieces at shops.

Inventory:

Missiles
 a - 17 arrows
 f - a throwing net (quivered)
Jewellery
 j - an amulet of faith (around neck)
Scrolls
 d - 2 scrolls of identify {unknown}
 i - a scroll of blinking
Potions
 e - a potion of curing
 g - a potion of magic
 h - a potion of might {unknown}
Books
 b - a book of Changes

   Spells                             Type                      Level
   a - Beastly Appendage              Transmutation                1
   b - Sticks to Snakes               Transmutation                2
   c - Spider Form                    Transmutation/Poison         3
   d - Ice Form                       Ice/Transmutation            4
   e - Blade Hands                    Transmutation                5
 k - Fiut's Incunabulum of Unstable Summoning
   (You found it in the Dungeon)

   Spells                             Type                      Level
   a - Summon Small Mammal            Summoning                    1
   b - Passwall                       Transmutation/Earth          2
   c - Spider Form                    Transmutation/Poison         3
   d - Shadow Creatures               Summoning                    6
   e - Summon Hydra                   Summoning                    7
Comestibles
 c - a bread ration


   Skills:
 + Level 6.9 Fighting
 + Level 7.5 Dodging
 + Level 10.7 Unarmed Combat
 + Level 9.9 Spellcasting
 + Level 10.0 Transmutations
 - Level 1.0 Ice Magic


You had 12 spell levels left.
You knew the following spells:

 Your Spells              Type           Power        Failure   Level  Hunger
a - Beastly Appendage     Trmt           ####..       10%         1    None
b - Sticks to Snakes      Trmt           ####....     10%         2    None
c - Spider Form           Trmt/Pois      ###.......   32%         3    ##.....
d - Blade Hands           Trmt           ####......   36%         5    #####..
e - Ice Form              Ice/Trmt       ###.....     50%         4    ####...


Dungeon Overview and Level Annotations

Branches:
Dungeon (1/1)

Altars:
Cheibriados
Dithmenos
Elyvilon
Fedhas
Gozag
Kikubaaqudgha
Makhleb
Nemelex Xobeh
Okawaru
Pakellas
Qazlal
Ru
Sif Muna
Trog
Vehumet
Xom
Yredelemnul
Zin
The Shining One
Jiyva

Shops:
D ?*[


Innate Abilities, Weirdness & Mutations

You can breathe blasts of fire.
Your fiery red scales are hard (AC +7).
Your body does not fit into most forms of armour.
Your flesh is heat resistant.
You are cold-blooded and may be slowed by cold attacks.


Message History

You see here an arrow.
Casting: Sticks to Snakes
Confirm with . or Enter, or press ? or * to list all spells.
You create a snake!
You now have 19 arrows.
Casting: Sticks to Snakes
Confirm with . or Enter, or press ? or * to list all spells.
You create 2 snakes!
You now have 17 arrows.
The centaur warrior shoots an arrow.
The arrow hits your ball python!! The arrow burns your ball python.
Your ball python dies!
You hit the centaur warrior but do no damage.
The centaur warrior unwields an uncursed shortbow of flaming.
It stops flaming.
The centaur warrior hits you!
* * * LOW HITPOINT WARNING * * *
Your ball python barely misses the centaur warrior.
The centaur warrior wields an uncursed shortbow of flaming.
It bursts into flame!
The centaur warrior shoots an arrow.
The arrow closely misses your ball python.
The arrow hits you!
You die...

#..#####'#####'#__####...+
#..####..#...#.####§§#####
#).#__####..##.#≈≈§§.#
#..#_.___##'#..+§§≈§.+
#⌠⌠#_.∩...'(.._#≈§§§.#
####_..._##_(#'##§###
#_____###'#.#ccS[###
############.####S###.##
#∩........'...'.@...'.∩#
###++++####...##########
###.### #.#'#.# #.....#
#.....# #######


You could see a centaur warrior and 2 friendly ball pythons.

Vanquished Creatures
  Sonja (D)
  A deep troll (D)
  2 kobold demonologists (D)
  Sigmund (D)
  A yak (D)
  A giant eyeball (D)
  A jelly (D)
  Ijyb (D)
  2 ballistomycetes (D)
11 creatures vanquished.

Vanquished Creatures (collateral kills)
  A slime creature (D)
  An ogre (D)
2 creatures vanquished.

Vanquished Creatures (others)
  2 giant spores (D)
2 creatures vanquished.

Grand Total: 15 creatures vanquished

Notes
Turn   | Place    | Note
--------------------------------------------------------------
     0 | D        | Hipnos the Draconian Transmuter began the quest for the Orb.
     0 | D        | Reached XP level 1. HP: 16/16 MP: 3/3
     2 | D        | Noticed Ijyb
    16 | D        | Killed Ijyb
    16 | D        | Reached XP level 2. HP: 13/23 MP: 3/5
    24 | D        | Learned a level 2 spell: Sticks to Snakes
   292 | D        | Noticed an ogre
   312 | D        | Killed an ogre
   312 | D        | Reached skill level 5 in Unarmed Combat
   312 | D        | Reached XP level 3. HP: 7/29 MP: 0/8
   322 | D        | Learned a level 3 spell: Spider Form
   587 | D        | Noticed Sigmund
   594 | D        | Killed Sigmund
   594 | D        | Reached skill level 5 in Spellcasting
   594 | D        | Reached skill level 5 in Transmutations
   594 | D        | Reached XP level 4. HP: 37/37 MP: 6/11
   594 | D        | Reached XP level 5. HP: 44/44 MP: 6/12
   635 | D        | Found a deep blue altar of Sif Muna.
   637 | D        | Found a radiant altar of Vehumet.
   641 | D        | Became a worshipper of Sif Muna the Loreminder
   645 | D        | Reached skill level 5 in Dodging
   778 | D        | Found Upogaris's General Store.
   778 | D        | Found a white marble altar of Elyvilon.
   778 | D        | Found a stormy altar of Qazlal.
   778 | D        | Found a burning altar of Makhleb.
   778 | D        | Found a sacrificial altar of Ru.
   778 | D        | Found an oddly glowing altar of Pakellas.
   778 | D        | Found a basalt altar of Yredelemnul.
   778 | D        | Found a glowing golden altar of the Shining One.
   778 | D        | Found a sparkling altar of Nemelex Xobeh.
   778 | D        | Found a shimmering altar of Xom.
   778 | D        | Found an opulent altar of Gozag.
   778 | D        | Found an ancient bone altar of Kikubaaqudgha.
   778 | D        | Found a glowing silver altar of Zin.
   778 | D        | Noticed a yak
   779 | D        | Found an iron altar of Okawaru.
   784 | D        | Killed a yak
   784 | D        | Reached * piety under Sif Muna
   784 | D        | Reached XP level 6. HP: 45/51 MP: 10/15
   785 | D        | Found a bloodstained altar of Trog.
   818 | D        | Learned a level 5 spell: Blade Hands
   823 | D        | Learned a level 4 spell: Ice Form
   825 | D        | Found a snail-covered altar of Cheibriados.
   825 | D        | Found a viscous altar of Jiyva.
   825 | D        | Found a shadowy altar of Dithmenos.
   825 | D        | Found a blossoming altar of Fedhas.
   825 | D        | Noticed a slime creature
   856 | D        | Killed a slime creature
   856 | D        | Your scales start taking on a fiery red colour.
   856 | D        | Reached XP level 7. HP: 7/59 MP: 7/17
   856 | D        | Gained mutation: Your flesh is heat resistant. [Red Draconian growth]
  1150 | D        | Noticed Sonja
  1160 | D        | Killed Sonja
  1160 | D        | Reached ** piety under Sif Muna
  1160 | D        | Reached skill level 5 in Fighting
  1160 | D        | Reached skill level 1 in Ice Magic
  1165 | D        | HP: 4/91 [poisoned by Sonja (curare-tipped needle)]
  1171 | D        | HP: 3/91 [poisoned by Sonja (curare-tipped needle)]
  1180 | D        | HP: 2/91 [poisoned by Sonja (curare-tipped needle)]
  1185 | D        | HP: 1/73 [poisoned by Sonja (curare-tipped needle)]
  1193 | D        | HP: 1/73 [poisoned by Sonja (curare-tipped needle)]
  1558 | D        | Found Enousk's Magic Scroll Boutique.
  1647 | D        | Noticed a deep troll
  1654 | D        | Killed a deep troll
  1654 | D        | Reached *** piety under Sif Muna
  1654 | D        | Reached skill level 10 in Unarmed Combat
  1654 | D        | Reached XP level 8. HP: 11/70 MP: 15/21
  1665 | D        | Found Ariadwo's Armour Emporium.
  1959 | D        | Bought an uncursed amulet of faith for 400 gold pieces
  1979 | D        | Noticed a kobold demonologist
  1980 | D        | Noticed a kobold demonologist
  1981 | D        | Noticed a red devil
  1982 | D        | Reached **** piety under Sif Muna
  1986 | D        | Noticed an orange demon
  1986 | D        | Killed a kobold demonologist
  1986 | D        | Reached ***** piety under Sif Muna
  1988 | D        | Killed a kobold demonologist
  1988 | D        | Reached skill level 10 in Transmutations
  1988 | D        | Reached XP level 9. HP: 48/78 MP: 17/22
  2146 | D        | Identified Fiut's Incunabulum of Unstable Summoning
  2196 | D        | Noticed a centaur warrior
  2196 | D        | Noticed a centaur warrior
  2206 | D        | Shot with an arrow by a centaur warrior

Skill      XL: |  1  2  3  4  5  6  7  8 |
---------------+-------------------------+-----
Dodging        | 3 4 5 6 7 |  7.5
Unarmed Combat | 4 5 8 9 10 | 10.7
Spellcasting   | 3 5 6 7 9 |  9.9
Transmutations | 3 5 6 9 10 | 10.0
Fighting       | 2 3 4 6 |  6.9
Ice Magic      | 1 |  1.0

Action                   |  1- 3 |  4- 6 |  7- 9 || total
-------------------------+-------+-------+-------++-------
Melee: Unarmed           |    22 |    11 |    22 ||    55
       Kick              |     2 |       |       ||     2
       Tailslap          |     1 |       |     1 ||     2
       Punch             |       |       |     2 ||     2
 Cast: Beastly Appendage |     2 |       |       ||     2
       Sticks to Snakes  |     4 |     3 |     9 ||    16
       Spider Form       |     1 |     3 |       ||     4
       Ice Form          |       |       |     4 ||     4
       Blade Hands       |       |       |     3 ||     3
 Abil: Breathe Fire      |       |       |     1 ||     1
  Use: Potion            |     3 |     1 |     3 ||     7
 Stab: Sleeping          |       |     2 |       ||     2
  Eat: Chunk             |       |     1 |     1 ||     2
       Bread ration      |       |       |     1 ||     1
Armor: Skin              |       |       |    11 ||    11
Dodge: Dodged            |    13 |     9 |    19 ||    41
